 Dungeon Crawl Stone Soup version 0.22-a0-601-gb0ed703ee0 (webtiles) character file.

380 Banto the Ruffian (level 6, 0/47 HPs)
             Began as a Draconian Transmuter on July 6, 2018.
             Slain by Pikel
             ... wielding a +2 whip of freezing
              (2 damage)
             ... on level 4 of the Dungeon.
             The game lasted 00:04:45 (3719 turns).

Banto the Ruffian (Draconian Transmuter)            Turns: 3719, Time: 00:04:46

Health: 0/47       AC:  6    Str: 13    XL:     6   Next: 46%
Magic:  5/9        EV: 12    Int: 14    God:
Gold:   109        SH:  0    Dex: 12    Spells: 3/9 levels left

rFire    . . .     SeeInvis .     - Unarmed
rCold    . . .     Gourm    .   (no shield)
rNeg     . . .     Faith    .   (armour unavailable)
rPois    .         Spirit   .   (helmet restricted)
rElec    .         Reflect  .   (no cloak)
rCorr    .         Harm     .   (no gloves)
MR       .....                  (no boots)
Stlth    +.........             (no amulet)
HPRegen  0.15/turn              (no ring)
MPRegen  0.11/turn              (no ring)

@: slowed, very slow
A: unfitting armour, cold-blooded, AC +6
a: no special abilities


You were on level 4 of the Dungeon.
You were not hungry.

You visited 1 branch of the dungeon, and saw 4 of its levels.

You collected 109 gold pieces.

Inventory:

Missiles
 a - 22 arrows
Jewellery
 f - an uncursed ring of see invisible {unknown}
 j - an uncursed amulet of regeneration {unknown}
Scrolls
 d - 2 scrolls of remove curse
 g - 4 scrolls of teleportation
 m - a scroll of identify
Potions
 b - a potion of brilliance
 e - a potion of might
 i - a potion of flight
 k - a potion of magic {unknown}
Comestibles
 c - 11 rations
 l - 6 chunks of flesh


   Skills:
 - Level 1.1 Fighting
 - Level 1.7 Dodging
 + Level 5.6 Unarmed Combat
 - Level 2.0 Spellcasting
 + Level 5.0 Transmutations


You had 3 spell levels left.
You knew the following spells:

 Your Spells              Type           Power        Failure   Level  Hunger
a - Beastly Appendage     Tmut           ###...       3%          1    ##.....
b - Sticks to Snakes      Tmut           ###.....     4%          2    ###....
c - Spider Form           Tmut/Pois      #.........   26%         3    ####...

Your spell library contained the following spells:

 Spells                   Type           Power        Failure   Level  Hunger
 Blade Hands              Tmut           ###.......   63%         5    ######.
 Ice Form                 Ice/Tmut       #.......     63%         4    #####..


Dungeon Overview and Level Annotations

Branches:
Dungeon (4/15)
 Temple: D:4-7

Altars:
Ashenzari
Kikubaaqudgha
Okawaru

Annotations:
D:4 Pikel


Innate Abilities, Weirdness & Mutations

Your plain brown scales are hard. (AC +6)
You cannot fit into any form of body armour.
You are cold-blooded and may be slowed by cold attacks.


Message History

Your magical contamination has completely faded away.
Your adder closely misses Pikel.
You hit Pikel but do no damage.
Your tail-slap misses Pikel.
Your adder barely misses Pikel.
Your ball python closely misses Pikel.
Your ball python grabs Pikel.
Your ball python constricts Pikel.
Pikel hits you with a whip of freezing!
* * * LOW HITPOINT WARNING * * *
Pikel freezes you.
* * * LOW HITPOINT WARNING * * *
Your adder bites Pikel.
A slave comes into view.
You take 8 damage, and have 7/47 hp.
You hit Pikel.
Pikel is lightly wounded.
Your ball python completely misses Pikel.
Your ball python constricts Pikel.
Pikel hits you with a whip of freezing.
* * * LOW HITPOINT WARNING * * *
You feel yourself slow down. Pikel freezes you.
You die...

#.........#........
#.p.......#....####
#.........#......#
#.........##.###.##
#.###.######......### #.
#.#####.........#####
#.###.S.....##...##.....
#....)SK.#..#.....#.(####
####....@......_.....(...
?...'........#.....#..####
.##.#.....##.##...##.##
#.##..#.##.........# #
##.#............#
#.#.....#......#
#.#.....#......#
..#.....#......#####
##########.....##....(....#


You could see Pikel, a slave, a friendly adder and a friendly ball python.

Vanquished Creatures
  A scorpion (D:4)
  A crimson imp (D:3)
  An orc wizard (D:4)
  A centaur skeleton (D:4)
  Terence (D:2)
  A worker ant (D:4)
  2 adders
  An ooze (D:3)
  An adder skeleton (D:4)
  A worm (D:3)
  4 dart slugs
  7 leopard geckos
  8 orcs
  2 bats
  3 giant cockroaches
  4 goblins
  3 hobgoblins (D:1)
  8 kobolds
  4 frilled lizards
  10 rats
64 creatures vanquished.

Vanquished Creatures (collateral kills)
  A phantom (D:4)
  A worker ant (D:4)
2 creatures vanquished.

Vanquished Creatures (others)
  A plant (D:3)
1 creature vanquished.

Grand Total: 67 creatures vanquished

Notes
Turn   | Place    | Note
-------+----------+-------------------------------------------
     0 | D:1      | Banto the Draconian Transmuter began the quest for the Orb.
     0 | D:1      | Reached XP level 1. HP: 16/16 MP: 3/3
     2 | D:1      | Noticed a formicid
     2 | D:1      | Noticed a centaur
     4 | D:1      | Noticed a felid
     6 | D:1      | Noticed an elf
     6 | D:1      | Noticed a gargoyle
     8 | D:1      | Noticed a demonspawn
    10 | D:1      | Noticed a ghoul
    10 | D:1      | Noticed a merfolk
    12 | D:1      | Noticed a halfling
    12 | D:1      | Noticed a minotaur
    14 | D:1      | Noticed a dwarf
    14 | D:1      | Noticed a draconian
    16 | D:1      | Noticed a demigod
    16 | D:1      | Noticed a vampire
    18 | D:1      | Noticed an ogre
    18 | D:1      | Noticed a tengu
    20 | D:1      | Noticed a vine stalker
    20 | D:1      | Noticed a spriggan
    22 | D:1      | Noticed an octopode
    22 | D:1      | Noticed a human
    24 | D:1      | Noticed a troll
    26 | D:1      | Noticed a naga
   136 | D:1      | Reached XP level 2. HP: 14/23 MP: 3/5
  1049 | D:2      | Learned a level 2 spell: Sticks to Snakes
  1149 | D:2      | Reached XP level 3. HP: 27/28 MP: 6/6
  1250 | D:2      | Noticed Terence
  1264 | D:2      | Killed Terence
  1602 | D:3      | Reached XP level 4. HP: 33/35 MP: 7/7
  1754 | D:3      | Found an ancient bone altar of Kikubaaqudgha.
  2657 | D:3      | Reached XP level 5. HP: 39/40 MP: 5/8
  3065 | D:4      | Found a shattered altar of Ashenzari.
  3199 | D:4      | Found an iron altar of Okawaru.
  3214 | D:4      | Reached skill level 5 in Unarmed Combat
  3225 | D:4      | Noticed a phantom
  3227 | D:4      | Learned a level 3 spell: Spider Form
  3259 | D:4      | Killed a phantom
  3259 | D:4      | Reached XP level 6. HP: 22/47 MP: 9/9
  3691 | D:4      | HP: 2/47 [worker ant (6)]
  3696 | D:4      | Reached skill level 5 in Transmutations
  3713 | D:4      | Noticed Pikel
  3718 | D:4      | Noticed a slave
  3719 | D:4      | HP: 2/47 [Pikel/whip of freezing (5)]
  3719 | D:4      | Slain by Pikel

Vault maps used:
D:1:      kb_arrival_jail
D:2:      uniq_terence
D:3:      overflow_temple_1_default, lexackson_kobold_supper
D:4:      okawaru_gym_becter, marbit_many_paths, first_ration,
          kennysheep_generic_room_13, uniq_pikel, uniq_blork_the_orc

Skill      XL: |  1  2  3  4  5  6 |
---------------+-------------------+-----
Transmutations | 3 4 5 |  5.0
Unarmed Combat | 4 5 |  5.6
Fighting       | |  1.1
Dodging        | |  1.7
Spellcasting   | |  2.0

Action                   |  1- 3 |  4- 6 || total
-------------------------+-------+-------++-------
Melee: Unarmed           |   109 |   216 ||   325
       Tailslap          |     9 |    27 ||    36
       Kick              |     4 |     1 ||     5
       Punch             |     4 |     2 ||     6
       Headbutt          |       |     4 ||     4
 Cast: Beastly Appendage |     4 |     3 ||     7
       Sticks to Snakes  |     3 |     7 ||    10
  Use: Scroll            |    10 |     1 ||    11
       Potion            |       |     3 ||     3
 Stab: Sleeping          |       |     1 ||     1
  Eat: Chunk             |     2 |     8 ||    10
Armor: Skin              |    24 |    47 ||    71
Dodge: Dodged            |    61 |   105 ||   166

Table legend:
 A = Spawn XP
 B = Non-spawn XP
 C = Spawn XP percentage of total XP
 D = Spawn monster count
 E = Non-spawn monster count
 F = Spawn count percentage of total count
 G = Total turns spent on level
                    A         B        C        D         E        F      G
               +---------+---------+-------+---------+---------+-------+---------
         Total |       0 |     543 |   0.0 |       0 |      66 |   0.0 |  3719
               +---------+---------+-------+---------+---------+-------+---------
           D:1 |       0 |      36 |   0.0 |       0 |      17 |   0.0 |  1039
           D:2 |       0 |      59 |   0.0 |       0 |      11 |   0.0 |   553
           D:3 |       0 |     117 |   0.0 |       0 |      23 |   0.0 |  1191
           D:4 |       0 |     331 |   0.0 |       0 |      15 |   0.0 |   936
               +---------+---------+-------+---------+---------+-------+---------

Table legend:
 A = Turns spent in this place as a percentage of turns spent in the entire game.
 B = Non-inter-level travel turns spent in this place as a percentage of non-inter-level travel turns spent in the entire game.
 C = Inter-level travel turns spent in this place as a percentage of turns spent in this place.
 D = Turns resting spent in this place as a percentage of non-inter-level travel turns spent in this place.
 E = Turns spent auto-exploring this place as a percentage of non-inter-level travel turns spent in this place.
 F = Non-inter-level travel turns spent in this place divided by the number of levels of this place that you've seen.
                   A       B       C       D       E      F
               +-------+-------+-------+-------+-------+----------------------
         Total | 100.0 | 100.0 |   5.9 |  29.8 |  44.4 | 875.0
       Dungeon | 100.0 | 100.0 |   5.9 |  29.8 |  44.4 | 875.0
               +-------+-------+-------+-------+-------+----------------------

Table legend:
 A = Kills in this place as a percentage of kills in entire the game.
 B = Kills by you in this place as a percentage of kills by you in the entire game.
 C = Kills by friends in this place as a percentage of kills by friends in the entire game.
 D = Other kills in this place as a percentage of other kills in the entire game.
 E = Experience gained in this place as a percentage of experience gained in the entire game.
 F = Experience gained in this place divided by the number of levels of this place that you have seen.
                   A       B       C       D       E      F
               +-------+-------+-------+-------+-------+----------------------
         Total | 100.0 | 100.0 | 100.0 |   N/A | 100.0 | 135.8
       Dungeon | 100.0 | 100.0 | 100.0 |   N/A | 100.0 | 135.8
               +-------+-------+-------+-------+-------+----------------------
